 Dungeon Crawl Stone Soup version 0.29-a0-103-g37f86683bf (webtiles) character file.

Game seed: 7629891997297775917

45 cyrus the Magician (level 3, -7/19 HPs)
             Began as a Tengu Hedge Wizard on Feb 15, 2022.
             Mangled by a gnoll (8 damage)
             ... on level 2 of the Dungeon.
             The game lasted 00:07:03 (1653 turns).

cyrus the Magician (Tengu Hedge Wizard)             Turns: 1653, Time: 00:07:04

Health: -7/19      AC:  2    Str: 12    XL:     3   Next: 64%
Magic:  3/9        EV: 12    Int: 14    God:
Gold:   24         SH:  0    Dex: 13    Spells: 6/9 levels left

rFire   . . .      SeeInvis .   g - +2 short sword (drain)
rCold   . . .      Faith    .   (no shield)
rNeg    . . .      Spirit   .   b - +0 robe
rPois   .          Reflect  .   c - +0 hat
rElec   .          Harm     .   (no cloak)
rCorr   .          Rampage  .   (no gloves)
Will    .....                   (boots unavailable)
Stlth   ++........              (no amulet)
HPRegen 0.06/turn               (no ring)
MPRegen 0.11/turn               (no ring)

@: no status effects
A: beak, talons 3
a: no special abilities


You were on level 2 of the Dungeon.
You visited 1 branch of the dungeon, and saw 2 of its levels.

You collected 24 gold pieces.

Inventory:

Hand Weapons
 a - a +0 dagger
 g - a +2 short sword of draining (weapon)
Armour
 b - a +0 robe (worn)
 c - a +0 hat (worn)
Scrolls
 d - 5 scrolls of vulnerability {unknown}
 e - a scroll of blinking {unknown}
 f - a scroll of amnesia {unknown}
 h - a scroll of fear {unknown}
 k - a scroll of identify {unknown}
 n - a scroll of holy word {unknown}
Potions
 i - a potion of might {unknown}
 j - a potion of flight {unknown}
 l - a potion of invisibility {unknown}
 m - a potion of lignification {unknown}


   Skills:
 + Level 0.3 Short Blades
 + Level 2.5 Dodging
 + Level 2.1 Stealth
 + Level 3.8 Spellcasting
 + Level 2.1 Conjurations
 + Level 1.4 Summonings
 + Level 0.7 Translocations


You had 6 spell levels left.
You knew the following spells:

 Your Spells              Type           Power      Damage    Failure   Level
a - Magic Dart            Conj           32%        1d4       9%          1
b - Call Imp              Summ           6%         N/A       17%         2

Your spell library contained the following spells:

 Spells                   Type           Power      Damage    Failure   Level
 Slow                     Hex            8%         N/A       21%         1
 Blink                    Tloc           8%         N/A       22%         2
 Conjure Flame            Conj/Fire      5%         6-21      36%         3
 Gell's Gravitas          Tloc           4%         N/A       41%         3
 Lesser Beckoning         Tloc           4%         N/A       41%         3
 Mephitic Cloud           Conj/Pois/Air  4%         N/A       41%         3
 Teleport Other           Tloc           4%         N/A       41%         3


Dungeon Overview and Level Annotations

Branches:
Dungeon (2/15)

Altars:
Cheibriados


Innate Abilities, Weirdness & Mutations

You have a beak for a mouth.
You have claws for feet.


Message History

The gnoll throws a stone.
The stone hits your shadow imp!
Your shadow imp misses the gnoll.
The gnoll throws a stone.
The stone hits your shadow imp but does no damage.
Your shadow imp hits the gnoll.
Your shadow imp barely misses the gnoll.
The gnoll closely misses your shadow imp.
Found a sapphire potion.
The gnoll hits your shadow imp with a +0 club.
Your shadow imp dies!
Your shadow imp disappears in a puff of smoke!
Your magical contamination has completely faded away.
A gnoll comes into view. It is wielding a +0 spear.
The gnoll shouts!
The gnoll throws a stone.
The stone closely misses you. The rat bites you but does no damage.
Found 11 gold pieces.
The gnoll throws a stone.
The stone hits you. The rat bites you. The rat bites you but does no damage.
A hobgoblin comes into view.
A dart slug comes into view.
The hobgoblin shouts!
You see here 11 gold pieces.
You barely miss the hobgoblin. You claw the hobgoblin.
You kill the hobgoblin!
The gnoll barely misses you. The rat bites you.
The gnoll hits you with a +0 club.
* * * LOW HITPOINT WARNING * * *
The gnoll hits you from afar with a +0 spear.
* * * LOW HITPOINT WARNING * * *
The rat bites you.
* * * LOW HITPOINT WARNING * * *
The dart slug misses you.
You see here a hobgoblin corpse.
You hit the dart slug. You drain the dart slug.
You claw the dart slug, but do no damage.
The dart slug is almost dead.
The gnoll closely misses you.
The gnoll hits you from afar with a +0 spear!
You die...

...# #..............♣ ♣. _..#
####..............♣♣ ♣. ...###
#...#..............♣♣♣♣. .....##
#...#..()...............
..##.†####...#....####....#......
.............+....+.......+......
#####.####...#....####....#......
#.. #...###+#####....#...... ###
#... #...##$@w............... ..#
#....#...##gr##########...... ..#
#....######Jg# ####### ..#
#....#.!. #.g###### ..# #....#...
#........ ..### #.#?..##...#####
....# #.....##...# ....#
#....##...# ....# #........$#


You could see 3 gnolls, a dart slug (drained), an endoplasm and a rat.

Vanquished Creatures
  An adder (D:2)
  2 dart slugs
  2 ball pythons
  3 bats
  An endoplasm (D:1)
  2 giant cockroaches
  2 goblins
  4 hobgoblins
  A quokka (D:1)
  2 frilled lizards (D:1)
  4 kobolds
  4 rats
28 creatures vanquished.

Vanquished Creatures (collateral kills)
  A hobgoblin (D:2)
  A ball python (D:2)
  A kobold (D:2)
3 creatures vanquished.

Grand Total: 31 creatures vanquished

Notes
Turn   | Place    | Note
-------+----------+-------------------------------------------
     0 | D:1      | cyrus the Tengu Hedge Wizard began the quest for the Orb.
     0 | D:1      | Reached XP level 1. HP: 10/10 MP: 5/5
   434 | D:1      | Reached XP level 2. HP: 15/15 MP: 1/7
  1308 | D:2      | Reached XP level 3. HP: 19/19 MP: 6/9
  1373 | D:2      | Learned a level 2 spell: Call Imp
  1406 | D:2      | Found a snail-covered altar of Cheibriados.
  1653 | D:2      | Mangled by a gnoll

Illustrated notes

Levels and vault maps discovered:
D:1:      roderic_crossed_star, layout_loops_ring
D:2:      layout_basic, basic_altar, nrook_campfire, minmay_pentomino_q4

Skill      XL: |  1  2  3 |
---------------+----------+-----
Conjurations   | 2 |  2.1
Short Blades   | |  0.3
Dodging        | |  2.5
Stealth        | |  2.1
Spellcasting   | |  3.8
Summonings     | |  1.4
Translocations | |  0.7

Action                   || total
-------------------------++-------
Melee: Dagger            ||    11
       Kick              ||     8
       Peck              ||     3
       Short sword       ||    19
       Punch             ||     1
 Cast: Magic Dart        ||    34
       Call Imp          ||     9
 Stab: Sleeping          ||     1
Armor: Robe              ||    17
Dodge: Dodged            ||    42

Table legend: (Time is in decaauts)
 A = Elapsed time spent in this place.
 B = Non-inter-level travel time spent in this place.
 C = Inter-level travel time spent in this place.
 D = Time resting spent in this place.
 E = Time spent auto-exploring this place.
 F = Levels seen in this place.
 G = Mean time per level.
                   A        B        C        D        E       F      G
               +--------+--------+--------+--------+--------+-----+--------+
         Total |   1653 |   1610 |     43 |    394 |    867 |   2 |  826.5 |
       Dungeon |   1653 |   1610 |     43 |    394 |    867 |   2 |  826.5 |
               +--------+--------+--------+--------+--------+-----+--------+

Top non-repeatable levels by time:
     D:1: 1223 daAuts
     D:2: 430 daAuts
